 Dungeon Crawl Stone Soup version 0.29.1-12-g30fa7ad0bf (webtiles) character file.

Game seed: 5801282330557665147

70 xian the Trooper (level 4, -5/35 HPs)
             Began as a Demonspawn Monk on Dec 21, 2022.
             Was a Plaything of Xom.
             Slain by an iguana (9 damage)
             ... on level 5 of the Dungeon.
             The game lasted 00:05:11 (2347 turns).

xian the Trooper (Demonspawn Monk)                  Turns: 2347, Time: 00:05:12

Health: -5/35      AC:  6    Str: 10 (13) XL:     4   Next: 4%
Magic:  0/4        EV: 11    Int:  9 (11) God:    Xom [..*...]
Gold:   108        SH:  0    Dex: 14 (16) Spells: 3/3 levels left

rFire   . . .      SeeInvis .   a - +0 hand axe
rCold   . . .      Faith    .   (no shield)
rNeg    . . .      Spirit   +   p - +0 ring mail
rPois   .          Reflect  .   (helmet restricted)
rElec   .          Harm     .   (no cloak)
rCorr   .          Rampage  .   d - +0 pair of gloves
Will    .....                   (no boots)
Stlth   +.........              g - amulet of guardian spirit
HPRegen 0.11/turn               (no ring)
MPRegen 0.09/turn               (no ring)

@: no status effects
A: horns 1, spiny 1
a: Renounce Religion


You were on level 5 of the Dungeon.
You worshipped Xom.
You were a toy of Xom.
You visited 1 branch of the dungeon, and saw 4 of its levels.

You collected 108 gold pieces.

Inventory:

Hand Weapons
 a - a +0 hand axe (weapon)
Armour
 d - a +0 pair of gloves (worn)
 p - a +0 ring mail (worn)
Magical Staves
 f - a staff of earth
Jewellery
 g - an amulet of guardian spirit (around neck)
Scrolls
 h - a scroll of teleportation {unknown}
 i - 2 scrolls of amnesia {unknown}
 j - a scroll of fog {unknown}
 m - a scroll of summoning {unknown}
 o - a scroll of identify {unknown}
Potions
 b - a potion of curing
 c - a potion of ambrosia
 e - a potion of flight
 n - a potion of lignification {unknown}


   Skills:
 + Level 3.4 Fighting
 + Level 3.4 Axes
 + Level 0.1 Armour
 + Level 3.0 Dodging
 + Level 2.7 Stealth


You had 3 spell levels left.
You didn't know any spells.
Your spell library contained the following spells:

 Spells                   Type           Power      Damage    Failure   Level
 Apportation              Tloc           0%         N/A       71%         1
 Necrotise                Necr           0%         1d4       71%         1
 Summon Small Mammal      Summ           0%         N/A       71%         1


Dungeon Overview and Level Annotations

Branches:
Dungeon (3/15)

Altars:
Hepliaklqana
Xom
Yredelemnul

Annotations:
D:5 1 runed translucent door, Crazy Yiuf


Innate Abilities, Weirdness & Mutations

You have a pair of small horns on your head.
You are partially covered in sharp spines.


Message History

The ogre is struck by your spines. The ogre misses you.
Found 14 gold pieces.
You hear Xom's avuncular chuckle.
The ogre is charmed.
Your ogre hits the orc with a +0 giant club.
The orc hits your ogre with a +0 hand axe!
You swap places.
The orc barely misses you.
Your ogre seems less confused.
The orc hits you with a +0 hand axe. The orc completely misses you.
The orc hits your ogre with a +0 hand axe.
The orc attacks as you move away! The orc closely misses you.
The orc hits your ogre with a +0 hand axe.
You hit the orc.
You kill the orc!
You swap places.
Things that are here:
a +0 hand axe; a +0 scale mail; an orc corpse You are starting to lose your buoyancy.
You float gracefully downwards.
You now have 108 gold pieces (gained 14).
You swap places.
You swap places.
An iguana comes into view.
The iguana hisses angrily.
The ogre is no longer charmed.
The iguana hisses menacingly.
The iguana is struck by your spines. The iguana bites you!
You hit the iguana. Your headbutt misses the iguana.
The iguana is moderately wounded.
The iguana is struck by your spines. The iguana closely misses you.
You hit the iguana but do no damage. Your headbutt misses the iguana.
The iguana is moderately wounded.
You barely miss the ogre. The ogre is struck by your spines.
The ogre hits you with a +0 giant club!!
Ouch! That really hurt!
* * * LOW HITPOINT WARNING * * *
The iguana bites you!
You die...
Xom chuckles heartily!

#8.8# #... #8.8 #...
#.## #8.♣#.. #... ...##.
#..# #♣.8##. #..# ##
#...##.## ##..# #.
#♣@♣##..# #...###. #Ol.#
#.####.#.##..
#8.8###..##.....)..
#...#..............
#####...###...........
#......##......##.##..
#.................##..
.................##.##..
.##.......§≈.....##....#


You could see an ogre and an iguana.

Vanquished Creatures
  2 adders (D:2)
  A dart slug (D:2)
  An orc (D:5)
  2 endoplasms (D:2)
  3 giant cockroaches
  6 goblins
  4 hobgoblins
  7 jackals
  A quokka (D:1)
  2 ball pythons (D:2)
  4 bats
  3 frilled lizards
  3 kobolds
  6 rats
  A spectral kobold (D:2)
46 creatures vanquished.

Notes
Turn   | Place    | Note
-------+----------+-------------------------------------------
     0 | D:1      | xian the Demonspawn Monk began the quest for the Orb.
     0 | D:1      | Reached XP level 1. HP: 18/18 MP: 1/1
   168 | D:1      | Discovered your monstrous ancestry.
   168 | D:1      | Gained mutation: You have a pair of small horns on your
                  | head. [demonic ancestry]
   168 | D:1      | Reached XP level 2. HP: 24/24 MP: 2/2
   939 | D:2      | Reached XP level 3. HP: 10/29 MP: 1/3
  1152 | D:2      | Found a faded altar of an unknown god.
  1251 | D:2      | Prayed at the altar of an unknown god.
  1251 | D:2      | Became a worshipper of Xom of Chaos
  1254 | D:2      | XOM: silly message
  1275 | D:2      | Found a basalt altar of Yredelemnul.
  1640 | D:2      | XOM: silly message
  1978 | D:2      | Gained mutation: You are partially covered in sharp spines.
                  | [demonic ancestry]
  1978 | D:2      | Reached XP level 4. HP: 32/35 MP: 4/4
  2251 | D:3      | Found a hazy altar of Hepliaklqana.
  2251 | D:3      | You fall into a shaft and drop 2 floors!
  2251 | D:5      | Entered Level 5 of the Dungeon
  2260 | D:5      | Found a runed translucent door.
  2261 | D:5      | Noticed Crazy Yiuf
  2293 | D:5      | Noticed an ogre
  2305 | D:5      | XOM: confuse monster(s)
  2310 | D:5      | XOM: enchant monster (good)
  2347 | D:5      | Slain by an iguana

Illustrated notes

Levels and vault maps discovered:
D:1:      minmay_arrival_up_and_down, layout_basic, reono_crystal_passage
D:2:      layout_basic, basic_altar, dreamdust_ecumenical_altar_drowned_temple,
          lightli_corner_chamber
D:3:      layout_rooms, tgw_sif, mainiacjoe_overflow_alcove_2,
          grunt_decor_junction
D:5:      layout_rooms, nicolae_qazlal_general_emergency, chequers_avenue,
          kennysheep_generic_room_6, uniq_crazy_yiuf_cottage

Skill      XL: |  1  2  3 |
---------------+----------+-----
Stealth        | 2 |  2.7
Axes           | 3 |  3.4
Dodging        | 3 |  3.0
Fighting       | |  3.4
Armour         | |  0.1

Action                   |  1- 3 |  4- 6 || total
-------------------------+-------+-------++-------
Melee: Hand axe          |   112 |     3 ||   115
       Headbutt          |    11 |       ||    11
  Use: Potion            |       |     4 ||     4
 Stab: Sleeping          |     6 |       ||     6
Armor: Robe              |    23 |       ||    23
       Leather armour    |     7 |       ||     7
       Ring mail         |     2 |       ||     2
Dodge: Dodged            |    79 |     5 ||    84
